 Dungeon Crawl Stone Soup version 0.28-a0-691-gad6df49e81 (webtiles) character file.

Game seed: 16074648043884909047

306984 spiderkeys the Unseen (level 21, -3/115 (119) HPs)
             Began as a Vine Stalker Abyssal Knight on Oct 21, 2021.
             Was the Champion of Lugonu.
             Slain by a servant of whispers (4 damage)
             ... in the Desolation of Salt on Oct 22, 2021.
             The game lasted 01:56:16 (38452 turns).

spiderkeys the Unseen (VSAK)                       Turns: 38452, Time: 01:56:17

HP:   -3/115 (119)  AC: 13    Str: 19    XL:     21   Next: 17%
MP:   0/32          EV: 28    Int: 12    God:    Lugonu [******]
Gold: 959           SH: 21    Dex: 22    Spells: 29/32 levels left

rFire   . . .      SeeInvis +   p - +9 broad axe (distort)
rCold   + . .      Faith    .   c - +2 kite shield
rNeg    + . .      Spirit   +   q - +0 troll leather armour
rPois   +          Reflect  +   y - +2 hood of the Assassin {Detection Stab+ Stlth++}
rElec   .          Harm     .   Z - +2 ratskin cloak {*Rats rPois rN+ Str-1 Int-1 Dex+1}
rCorr   .          Rampage  +   R - +2 pair of gloves {Stlth+}
Will    ++...                   U - +0 pair of boots of the Sky {Rampage Stlth+}
Stlth   ++++++++++              G - amulet of reflection
HPRegen 2.29/turn               O - ring "Zifablan" {+Blink rC+ Int+3 SInv}
MPRegen 0.23/turn               E - +4 ring of evasion

@: about to teleport, studying 5 skills, lightly drained
A: fangs 3, regeneration 1, magic shield, antimagic bite, no potion heal 2
}: 2/15 runes: decaying, serpentine
a: Renounce Religion, Evoke Blink, Depart the Abyss, Bend Space, Banish,
Corrupt, Enter the Abyss


You were in the Desolation of Salt.
You worshipped Lugonu.
Lugonu was exalted by your worship.
You visited 7 branches of the dungeon, and saw 36 of its levels.
You visited the Abyss 1 time.
You visited 2 bazaars.
You also visited: Trove, Gauntlet, Ice Cave, Volcano and Desolation.

You collected 5594 gold pieces.
You spent 4635 gold pieces at shops.


Innate Abilities, Weirdness & Mutations

You have razor-sharp teeth.
Your natural rate of healing is unusually fast.
When hurt, damage is shared between your health and your magic reserves.
Your bite disrupts and absorbs the magic of your enemies.
Potions cannot restore your health.


   Skills:
 + Level 16.0 Fighting
 - Level 1.7 Short Blades
 + Level 15.7 Axes
 - Level 12.0 Throwing
 - Level 1.9 Armour
 + Level 15.5 Dodging
 + Level 16.1 Stealth
 + Level 13.5 Shields
 - Level 6.0 Spellcasting
 - Level 7.0 Hexes
 + Level 1.8 Translocations
 - Level 13.4 Invocations


You had 29 spell levels left.
You knew the following spells:

 Your Spells              Type           Power      Damage    Failure   Level
d - Dazzling Flash        Conj/Hex       24%        N/A       19%         3

Your spell library contained the following spells:

 Spells                   Type           Power      Damage    Failure   Level
 Slow                     Hex            20%        N/A       2%          2
 Confusing Touch          Hex            20%        N/A       4%          3
 Blink                    Tloc           N/A        N/A       19%         2
 Summon Guardian Golem    Hex/Summ       12%        N/A       19%         3
 Animate Skeleton         Necr           6%         N/A       26%         1
 Beastly Appendage        Tmut           6%         N/A       26%         1
 Foxfire                  Conj/Fire      12%        2x1d4     26%         1
 Magic Dart               Conj           12%        1d3       26%         1
 Pain                     Necr           12%        1d4       26%         1
 Sting                    Tmut/Pois      12%        1d3       26%         1
 Summon Small Mammal      Summ           12%        N/A       26%         1
 Call Imp                 Summ           3%         N/A       36%         2
 Corpse Rot               Necr/Air       6%         N/A       36%         2
 Poisonous Vapours        Pois/Air       6%         N/A       36%         2
 Searing Ray              Conj           6%         2d4       36%         2
 Static Discharge         Conj/Air       3%         N/A       36%         2
 Wereblood                Tmut           3%         N/A       36%         2
 Gell's Gravitas          Tloc           3%         N/A       36%         3
 Lesser Beckoning         Tloc           7%         N/A       36%         3
 Teleport Other           Tloc           7%         N/A       36%         3
 Fulminant Prism          Conj/Hex       6%         3d7       52%         4
 Leda's Liquefaction      Hex/Erth       6%         N/A       52%         4
 Call Canine Familiar     Summ           3%         N/A       58%         3
 Conjure Flame            Conj/Fire      3%         6-21      58%         3
 Ignite Poison            Fire/Tmut/Pois 3%         N/A       58%         3
 Mephitic Cloud           Conj/Pois/Air  3%         N/A       58%         3
 Spider Form              Tmut/Pois      1%         N/A       58%         3
 Swiftness                Air            3%         N/A       58%         3
 Vampiric Draining        Necr           1%         2d6       58%         3
 Silence                  Hex/Air        6%         N/A       86%         5
 Summon Mana Viper        Hex/Summ       12%        N/A       86%         5
 Yara's Violent Unravell  Hex/Tmut       6%         3d5       86%         5
 Iskenderun's Mystic Bla  Conj/Tloc      5%         2d3       87%         4
 Animate Dead             Necr           1%         N/A       94%         4
 Dispel Undead            Necr           3%         3d7       94%         4
 Flame Wave               Conj/Fire      3%         3d3       94%         4
 Hailstorm                Conj/Ice       3%         3d3       94%         4
 Olgreb's Toxic Radiance  Pois           3%         N/A       94%         4
 Sticky Flame             Conj/Fire      3%         2d3       94%         4
 Manifold Assault         Tloc           7%         N/A       98%         5
 Summon Forest            Summ/Tloc      2%         N/A       99%         5
 Agony                    Necr           3%         N/A       100%        5
 Alistair's Intoxication  Tmut/Pois      2%         N/A       100%        5
 Blade Hands              Tmut           1%         N/A       100%        5
 Borgnjor's Vile Clutch   Necr/Erth      1%         N/A       100%        5
 Fireball                 Conj/Fire      1%         3d3       100%        5
 Irradiate                Conj/Tmut      1%         3d14      100%        5
 Lee's Rapid Deconstruct  Erth           1%         3d5*      100%        5
 Lightning Bolt           Conj/Air       1%         1d12      100%        5
 Conjure Ball Lightning   Conj/Air       1%         3x3d6     100%        6
 Death Channel            Necr           1%         N/A       100%        6
 Dispersal                Tloc           3%         N/A       100%        6
 Iron Shot                Conj/Erth      1%         9d1       100%        6
 Starburst                Conj/Fire      1%         6d3       100%        6
 Statue Form              Tmut/Erth      2%         N/A       100%        6
 Summon Cactus Giant      Summ           1%         N/A       100%        6
 Dragon Form              Tmut           1%         N/A       100%        7
 Malign Gateway           Summ/Tloc      2%         N/A       100%        7
 Orb of Destruction       Conj           1%         N/A       100%        7
 Spellforged Servitor     Conj/Summ      1%         N/A       100%        7
 Storm Form               Tmut/Air       1%         N/A       100%        7
 Discord                  Hex            10%        N/A       100%        8
 Disjunction              Tloc           3%         N/A       100%        8
 Summon Horrible Things   Summ           1%         N/A       100%        8
 Chain Lightning          Conj/Air       1%         3d2       100%        9

Inventory:

Hand Weapons
 d - the +8 war axe "Isippit" {elec, rCorr}
   (You found it on level 2 of the Abyss)

   It occasionally discharges a powerful burst of electricity upon striking a
   foe.
   rCorr:     It protects you from acid and corrosion.
 p - a +9 broad axe of distortion (weapon)
   (You found it in a Gauntlet)
Missiles
 k - 4 curare-tipped darts {=f}
 n - a silver boomerang
 s - 18 atropa-tipped darts
 v - 70 poisoned darts
 z - 14 boomerangs (quivered)
 Q - 7 javelins
 W - a boomerang of dispersal {=f!f}
Armour
 c - a +2 kite shield (worn)
   (You took it off a tengu warrior on level 13 of the Dungeon)
 q - a +0 troll leather armour (worn)
   (You found it on level 12 of the Dungeon)
 y - the +2 hood of the Assassin (worn) {Detection Stab+ Stlth++}
   (You bought it in a shop on level 2 of the Orcish Mines)

   It allows the wearer to sense nearby creatures.
   It allows the wearer to make particularly effective stabbing attacks against
   helpless or unaware enemies with any weapon.
   Stlth:     It makes you much more stealthy.
 R - a +2 pair of gloves of stealth (worn)
   (You found it on level 1 of the Lair of Beasts)
 U - the +0 pair of boots of the Sky (worn) {Rampage Stlth+}
   (You found it on level 9 of the Dungeon)

   Rampage:   It bestows one free step when moving towards enemies.
   Stlth:     It makes you more stealthy.
 Z - the +2 ratskin cloak (worn) {*Rats rPois rN+ Str-1 Int-1 Dex+1}
   (You found it in a Gauntlet)

   When the wearer is hurt, rats may emerge from it to assist them.
   Str:       It affects your strength (-1).
   Int:       It affects your intelligence (-1).
   Dex:       It affects your dexterity (+1).
   rPois:     It protects you from poison.
   rN:        It protects you from negative energy.
Jewellery
 g - an amulet of regeneration
   (You found it on level 12 of the Dungeon)
 E - a +4 ring of evasion (right hand)
   (You found it on level 3 of the Dungeon)
 G - an amulet of reflection (around neck)
   (You found it on level 15 of the Dungeon)
 L - a ring of flight
   (You found it on level 4 of the Dungeon)
 O - the ring "Zifablan" (left hand) {+Blink rC+ Int+3 SInv}
   (You found it in a Gauntlet)

   [ring of see invisible]

   Int:       It affects your intelligence (+3).
   rC:        It protects you from cold.
   SInv:      It lets you see invisible.
   +Blink:    It lets you blink.
Wands
 m - a wand of digging (11)
   (You found it on level 12 of the Dungeon)
 B - a wand of iceblast (35)
   (You found it on level 4 of the Dungeon)
 C - a wand of acid (18)
   (You found it on level 3 of the Elven Halls)
 H - a wand of flame (17)
   (You found it on level 10 of the Dungeon)
Scrolls
 a - 3 scrolls of amnesia
 f - 3 scrolls of holy word
 i - 4 scrolls of teleportation {@r4}
 j - 6 scrolls of enchant armour
 t - 6 scrolls of silence {!r}
 x - 10 scrolls of enchant weapon
 A - 5 scrolls of immolation {!r!r}
 D - 2 scrolls of magic mapping {!r}
 K - 4 scrolls of fog
 N - 3 scrolls of torment {!r}
 P - 3 scrolls of vulnerability {!r!r}
 S - a scroll of fear
Potions
 b - 9 potions of haste {@q3}
 h - 11 potions of curing {@q1}
 l - 3 potions of mutation {!q}
 r - 6 potions of attraction {!q}
 u - 3 potions of berserk rage {!q}
 w - 3 potions of invisibility
 F - 2 potions of resistance
 I - 3 potions of cancellation
 M - 5 potions of brilliance
 T - a potion of might
 V - 2 potions of flight
 X - 5 potions of magic
 Y - 2 potions of lignification {!q}
Miscellaneous
 e - a phantom mirror
   (You found it on level 1 of the Elven Halls)

Dungeon Overview and Level Annotations

Branches:
Dungeon (15/15)            Temple (0/1) D:7            Lair (6/6) D:8
  Swamp (4/4) Lair:3        Snake (4/4) Lair:2        Slime (0/5) Lair:5
    Orc (2/2) D:10            Elf (3/3) Orc:2        Vaults (2/5) D:13
 Depths (0/4) D:15          IceCv (visited)         Volcano (visited)
Desolation (1/1)          Gauntlet (visited)
  Crypt: Vaults:2-3

Altars:
Ashenzari
Cheibriados
Hepliaklqana
Nemelex Xobeh
Ru
Uskayaw
Vehumet
Wu Jian
Xom
Yredelemnul
The Shining One
Jiyva

Shops:
Orc:1 *:*=   Orc:2 [(:*[(   Elf:1 ??   Elf:3 *! Vaults:2

[ ..§... .....##..##....
..§... 9..9..#..#.....
....§. ...............
...§§. ......8..8......
§..§.. .......9.....§§.
§..§.. ............§§§§§
§.§...
§...........§§§§§§§§§.§.
§...a9L@.a...§§.§.§§§§..
§p..a99a.....§§§§..§....
9....99a99..§.§.§..§....
.......999§§..§..§§§....
........aaa§§§§....§....
........9§§§§§§..§......
..........§§..§§.§......
........................
######################


You could see 4 ragged hierophants, 2 servants of whispers, a halazid warlock
(sheltered), a crystal guardian (strong), an ironbound convoker (wandering), 2
peacekeepers, 11 saltlings, a friendly ragged hierophant (summoned), a friendly
servant of whispers (summoned) and a friendly saltling (summoned).


Message History

g - Guard the area. f - Follow me.
Anything else - Cancel.
Gang up on whom?
Press: ? - help, Dir - move target, f - ragged hierophant, p - ragged hierophant
Aim: a ragged hierophant, wielding a +0 short sword and wearing a +0 robe (sheltered from injuries) Attack!
The saltling hits your saltling but does no damage.
The halazid warlock casts a spell.
Send 'em back where they came from!
Your crystal guardian dissolves into shadows!
Your ragged hierophant dissolves into shadows!
Your saltling dissolves into shadows!
Your saltling shudders.
Your saltling dissolves into shadows!
Your saltling shudders.
Your saltling dissolves into shadows!
You block the ragged hierophant's attack.
The saltling hits your saltling!! 😨 HP[+2] MP[+1]
You regained 2 hp, and now have 55/115 hp.
You slice the ragged hierophant!!
The peacekeeper hurls a volley of spikes at you.
The volley of spikes hits your saltling but does no damage.
The saltling hits your saltling!
The halazid warlock casts a spell.
A servant of whispers comes into view. It is wielding a +0 spear.
The ragged hierophant hits you with a +0 rapier.
* * * LOW HITPOINT WARNING * * *
Your saltling hits the saltling.
Your saltling hits the peacekeeper but does no damage.
The ragged hierophant points at you and mumbles some strange words.
A blast of power from the earth strikes you!
* * * LOW HITPOINT WARNING * * *
Your guardian serpent casts a spell at the ragged hierophant.
The bolt of poison hits your saltling.
Your saltling completely resists.
The bolt of poison hits the peacekeeper but does no damage.
The bolt of poison hits the ragged hierophant!!
The saltling hits your saltling but does no damage.
The peacekeeper roars a battlecry!
The golems go into a battle-frenzy! 😨 HP[-11] MP[-4]
You take 11 damage, and now have 44/115 hp.
You lost 4 mp, and now have 11/32 mp.
You closely miss the ragged hierophant.
The saltling dissolves into shadows!
The saltling hits your saltling but does no damage.
The saltling hits your saltling!
Your ragged hierophant gestures at the ragged hierophant while chanting.
A blast of power from the earth strikes the ragged hierophant!
Your saltling hits the saltling. The saltling hits your saltling!
Your saltling is destroyed!
Your saltling dissolves into shadows!
Your saltling barely misses the ragged hierophant.
The ragged hierophant gestures at you while chanting.
A blast of power from the earth strikes you!
* * * LOW HITPOINT WARNING * * *
The peacekeeper barely misses your saltling.
The peacekeeper claws your saltling!
Your saltling is destroyed!
Your saltling dissolves into shadows!
A crystal bolt appears from out of your range of vision.
The crystal bolt burns your saltling!!!
Your saltling is destroyed!
Your saltling dissolves into shadows! 😨 HP[-6] MP[-2]
You take 6 damage, and now have 38/115 hp.
You lost 2 mp, and now have 9/32 mp.
As you read the scroll of teleportation {@r4}, it crumbles to dust.
You feel strangely unstable.
The saltling hits your guardian serpent!
The ragged hierophant casts a spell at you.
A blast of power from the earth and the saltling strikes you!
* * * LOW HITPOINT WARNING * * *
The peacekeeper bites your guardian serpent!
The peacekeeper claws your guardian serpent.
Your saltling hits the saltling! You block the saltling's attack.
You block the ragged hierophant's attack.
Your guardian serpent hits the peacekeeper!
The saltling hits your guardian serpent!
Your guardian serpent dies!
Your guardian serpent's corpse dissolves into shadows! 😱 HP[-20] MP[-4]
You take 20 damage, and now have 18/115 hp.
You lost 4 mp, and now have 5/32 mp.
Space bends around you!
You blink.
A crystal guardian and an ironbound convoker come into view.
The ironbound convoker is wielding a +2 flail of venom.
You carefully extract the barbed spikes from your body.
The saltling no longer looks unusually strong.
The peacekeeper barely misses your saltling. x2
Your saltling barely misses the saltling.
Your ragged hierophant casts a spell at the ragged hierophant.
A blast of power from the earth strikes the ragged hierophant!
The ragged hierophant gestures at you while chanting.
A blast of power from the earth and the peacekeeper strikes you!
* * * LOW HITPOINT WARNING * * *
The peacekeeper roars a battlecry!
The golems go into a battle-frenzy!
The peacekeeper bites your saltling. The peacekeeper claws your saltling!
The servant of whispers hits you from afar with a +0 spear.
You die...

Skill      XL: |  1  2  3  4  5  6  7  8  9 10 11 12 13 14 15 16 17 18 19 20 21 |
---------------+----------------------------------------------------------------+-----
Dodging        | 1 2 3 4 5 7 9 10 11 12 13 14 15 | 15.5
Invocations    | 2 3 4 5 6 8 9 10 11 12 13 | 13.4
Fighting       | 3 4 5 6 7 8 9 10 11 12 13 14 15 16 | 16.0
Axes           | 1 2 3 4 5 7 9 10 11 12 13 14 15 | 15.7
Throwing       | 2 3 4 6 7 8 9 11 12 | 12.0
Stealth        | 5 8 10 14 16 | 16.1
Shields        | 2 5 6 8 9 10 11 12 13 | 13.5
Hexes          | 4 6 7 |  7.0
Spellcasting   | 4 6 |  6.0
Translocations | 1 |  1.8
Short Blades   | |  1.7
Armour         | |  1.9

Action                   |  1- 3 |  4- 6 |  7- 9 | 10-12 | 13-15 | 16-18 | 19-21 || total
-------------------------+-------+-------+-------+-------+-------+-------+-------++-------
Melee: War axe           |    62 |    76 |   158 |   388 |   954 |   916 |   358 ||  2912
       Bite              |    12 |    16 |    55 |   120 |   364 |   346 |   354 ||  1267
       Broad axe         |       |       |       |       |       |   110 |   591 ||   701
Throw: Dart              |       |       |       |    13 |     8 |     9 |       ||    30
       Javelin           |       |       |       |     4 |    11 |    22 |     5 ||    42
       Boomerang         |       |       |       |       |   142 |   132 |   158 ||   432
 Cast: Dazzling Flash    |       |       |       |       |       |     2 |       ||     2
Invok: Depart the Abyss  |     1 |       |       |       |       |       |       ||     1
       Bend Space        |       |       |       |       |     4 |     5 |     6 ||    15
       Banish            |       |       |       |       |     7 |       |    19 ||    26
       Corrupt           |       |       |       |       |       |     1 |       ||     1
       Brand Weapon With |       |       |       |       |       |     1 |       ||     1
Evoke: Wand              |       |       |     3 |     8 |    17 |       |     2 ||    30
       Phantom mirror    |       |       |       |       |       |     1 |     1 ||     2
  Use: Scroll            |     5 |     2 |     5 |     9 |    14 |    18 |    11 ||    64
       Potion            |     1 |       |       |       |     4 |     1 |     1 ||     7
 Stab: Sleeping          |     2 |     4 |     1 |     7 |    32 |    75 |    59 ||   180
       Distracted        |       |       |       |     2 |     5 |     8 |     4 ||    19
       Invisible         |       |       |       |       |     1 |     3 |       ||     4
       Confused          |       |       |       |       |       |       |     1 ||     1
Armor: Leather armour    |    25 |    26 |    32 |       |       |       |       ||    83
       Steam dragon scal |       |       |    17 |   144 |       |       |       ||   161
       Troll leather arm |       |       |       |    18 |   265 |   147 |    87 ||   517
Dodge: Dodged            |    42 |    65 |   145 |   530 |   937 |   573 |   559 ||  2851
Block: Buckler           |       |       |       |       |   144 |   146 |       ||   290
       Kite shield       |       |       |       |       |       |   347 |   877 ||  1224
       Reflection        |       |       |       |       |       |    27 |    77 ||   104

Levels and vault maps discovered:
D:1:      scummos_arrival_simple_fountains, layout_loops_ring,
          hellmonk_ecumenical_altar_watching_god, minmay_heptomino_w4
D:2:      layout_basic, kennysheep_donut, wad_floor_pattern_untrapped,
          kennysheep_decorative_pillar, minmay_strange_pillars,
          uniq_crazy_yiuf_cottage
D:3:      minmay_evil_eye, layout_basic
D:4:      minmay_door_path, layout_loops_corners, evilmike_ruin_ashenzari,
          uniq_robin
D:5:      layout_rooms, cheibriados_altar_1, uniq_edmund, uniq_menkaure,
          uniq_blork_the_orc
D:6:      layout_loops_cross, grunt_temple_overflow_open, uniq_prince_ribbit1
D:7:      layout_rooms, temple_pool_b
D:8:      layout_rooms, general_overflow_altar, david_lair_shrubbed
D:9:      layout_roguey, mainiacjoe_overflow_surrounded_room, vehumet_crystals,
          mainiacjoe_overflow_catwalk, grunt_ministairs_8, nicolae_sextant,
          st_stairs_9
D:10:     hangedman_screamer, layout_grid_maze, hiddenorc1_lemuel
D:11:     layout_cave_pods, uniq_urug, uniq_fannar
D:12:     layout_loops_cross, hangedman_misty_isle
D:13:     kennysheep_bubbly, layout_basic, grunt_vaults_entry_fortified,
          nicolae_trove_entry_path_of_doom, serial_bayou_pond_e, uniq_sonja
D:14:     layout_loops_cross, chequers_serial_rivers_micro_d
D:15:     grunt_enter_depths_giant_problem, layout_cave_pods,
          nemelex_lonely_heart_becter
Lair:1:   layout_big_grid
Lair:2:   layout_hall_layers, dummy_snake_entry, enter_volcano_3,
          portal_ice_cave_entry_pillars_2, grunt_forest_small_clearings,
          minivault_27, uniq_harold
Lair:3:   layout_small_grid, minmay_swamp_entry_swarm, uniq_rupert
Lair:4:   layout_big_grid, nicolae_quartered_pool_medium
Lair:5:   layout_misc_corridors, slime_altar_1, uniq_josephine
Lair:6:   cheibrodos_lair_end_hotspot, layout_gridlike, basic_altar,
          gauntlet_entry_generic, serial_bayou_shore_b
Swamp:1:  layout_basic_swamp, evilmike_swamp_ruin_wall, swamp_pool2,
          hangedman_swamp_wriggling
Swamp:2:  layout_basic_swamp, evilmike_swamp_ruin_house_4, uniq_louise
Swamp:3:  layout_basic_swamp, hangedman_swamp_ruin_wall, swamp_pool3
Swamp:4:  swamp_old_school, layout_basic_swamp, swamp_pool1
Snake:1:  layout_cave_pods
Snake:2:  layout_onion
Snake:3:  layout_gridlike, ebering_ghost_xom
Snake:4:  grunt_snake_rune_pools, layout_cave_shapes, basic_altar, uniq_aizul
Orc:1:    layout_diamond_mine, serial_shops, shop,
          nicolae_shop_competitors_out_of_business, shop,
          nicolae_shop_competitors_out_of_business
Orc:2:    st_orc_congregation, layout_caves, serial_shops, shop,
          nicolae_shop_statue_plus
Elf:1:    eino_elf_arrival_altar, layout_loops_corners, serial_shops,
          bzr_entry_lakeside, nicolae_shop_behind_doors,
          nicolae_shop_statue_plus, uniq_asterion
Elf:2:    nicolae_elf_blades_crystal_corner, layout_geoelf_diagonals,
          uniq_jorgrun, uniq_agnes
Elf:3:    minmay_elf_hall_circle, layout_onion_city, not_door_vault_due,
          minmay_shop_star
Vaults:1: hangedman_vaults_cutoff, v_misc_18, nicolae_vaults_circle_grid_a,
          nicolae_vaults_mini_display_case, nicolae_vaults_inception_statues,
          v_misc_17, vaults_room_grunt_arrival_ludios, layout_vaults_omnigrid,
          serial_shops, bzr_firewalk
Vaults:2: portal_desolation_entry_nicolae_nacl, vaults_room_fancy_cross,
          nicolae_vaults_little_squares_4, vaults_dpeg_ring, v_alt_pattern_5,
          vaults_mumra_chevron, hangedman_vaults_nodes,
          nicolae_vaults_three_branches, v_pattern_4, ontoclasm_vaults_fault,
          grunt_vaults_funnel, nicolae_vaults_circle_grid_a, vaults_room_boxed,
          vaults_dpeg_doors, vaults_room_guarded_vault, layout_vaults_omnibox,
          serial_shops, nicolae_square_shop, uniq_boris
Desolation

Notes
Turn   | Place    | Note
-------+----------+-------------------------------------------
     0 | Abyss:1  | spiderkeys the Vine Stalker Abyssal Knight began the quest
                  | for the Orb.
     0 | Abyss:1  | Reached XP level 1. HP: 11/11 MP: 3/3
     0 | Abyss:1  | magus.rc [v1.9.10]
    10 | Abyss:1  | Found a stormy altar of Qazlal.
    23 | Abyss:1  | Noticed a blink frog
    23 | Abyss:1  | Noticed a large abomination
    23 | Abyss:1  | Noticed a centaur warrior zombie
    23 | Abyss:1  | Noticed a small abomination
    73 | Abyss:2  | Noticed an ancient zyme
    81 | Abyss:2  | Noticed a spatial vortex
    96 | Abyss:2  | Noticed a spatial vortex
   103 | Abyss:2  | Noticed a thrashing horror
   108 | Abyss:2  | Noticed an orange demon
   112 | Abyss:2  | Noticed a flying skull
   116 | Abyss:2  | Noticed a large abomination
   118 | Abyss:2  | Identified the +8 war axe "Isippit" {elec, rCorr}
   120 | D:1      | You pass through the gate.
   120 | D:1      | Escaped the Abyss
   270 | D:1      | Reached skill level 1 in Dodging
   270 | D:1      | Reached XP level 2. HP: 16/16 MP: 4/4
   276 | D:1      | Reached skill level 2 in Invocations
   276 | D:1      | Reached * piety under Lugonu
   731 | D:1      | Noticed a great orb of eyes
   734 | D:1      | Found a faded altar of an unknown god.
   741 | D:1      | Noticed a shining eye
   744 | D:1      | Noticed a floating eye
   744 | D:1      | Noticed a floating eye
   797 | D:1      | Reached XP level 3. HP: 19/19 MP: 5/5
  1178 | D:2      | Reached skill level 3 in Fighting
  1273 | D:2      | You pick up a book of Vapours and begin reading...
  1273 | D:2      | You add the spells Poisonous Vapours and Corpse Rot to your
                  | library.
  1293 | D:2      | Identified 2 scrolls of acquirement
  1293 | D:2      | Acquired a manual of Throwing
  1295 | D:2      | Acquired a manual of Dodging
  1360 | D:2      | Reached skill level 1 in Axes
  1717 | D:2      | Gained mutation: Your natural rate of healing is unusually
                  | fast. [Vine Stalker growth]
  1717 | D:2      | Reached XP level 4. HP: 24/24 MP: 6/6
  1903 | D:2      | Found a runed translucent door.
  1904 | D:2      | Noticed Crazy Yiuf
  2085 | D:2      | Killed Crazy Yiuf
  2086 | D:2      | Reached skill level 1 in Throwing
  2594 | D:3      | Reached skill level 2 in Dodging
  2620 | D:3      | Reached ** piety under Lugonu
  3005 | D:4      | Noticed a water moccasin
  3012 | D:4      | Killed a water moccasin
  3013 | D:4      | Reached skill level 2 in Throwing
  3013 | D:4      | Reached XP level 5. HP: 17/28 MP: 6/8
  3055 | D:4      | Reached skill level 3 in Invocations
  3167 | D:4      | Noticed Robin
  3187 | D:4      | Killed Robin
  3188 | D:4      | Reached skill level 2 in Axes
  3188 | D:4      | Reached XP level 6. HP: 32/32 MP: 9/9
  3280 | D:4      | You pick up a book of the Senses and begin reading...
  3280 | D:4      | You add the spells Dazzling Flash, Agony and Silence to
                  | your library.
  3356 | D:4      | Noticed a sky beast
  3361 | D:4      | Killed a sky beast
  3362 | D:4      | Reached skill level 3 in Dodging
  3540 | D:4      | Found a broken altar of Ashenzari.
  3569 | D:4      | Reached skill level 3 in Throwing
  3980 | D:5      | Entered Level 5 of the Dungeon
  3981 | D:5      | Found a snail-covered altar of Cheibriados.
  3990 | D:5      | Noticed a necrophage
  3992 | D:5      | Noticed Edmund
  3998 | D:5      | Killed a necrophage
  3999 | D:5      | Reached XP level 7. HP: 37/37 MP: 10/10
  4009 | D:5      | Reached skill level 4 in Fighting
  4166 | D:5      | Noticed Blork the orc
  4169 | D:5      | Killed Blork the orc
  4170 | D:5      | Reached skill level 3 in Axes
  4170 | D:5      | Reached skill level 4 in Throwing
  4170 | D:5      | Reached skill level 4 in Dodging
  4170 | D:5      | Reached skill level 4 in Invocations
  4214 | D:5      | Killed Edmund
  4215 | D:5      | Gained mutation: You have razor-sharp teeth. [Vine Stalker
                  | growth]
  4215 | D:5      | Reached XP level 8. HP: 42/42 MP: 10/12
  4271 | D:5      | Noticed Menkaure
  4306 | D:5      | Killed Menkaure
  4368 | D:5      | Reached skill level 5 in Throwing
  4776 | D:6      | Reached skill level 5 in Dodging
  4854 | D:6      | Reached skill level 5 in Fighting
  4866 | D:6      | Reached skill level 4 in Axes
  4904 | D:6      | You pick up a book of Blasting and begin reading...
  4904 | D:6      | You add the spells Fulminant Prism, Iskenderun's Mystic
                  | Blast and Lee's Rapid Deconstruction to your library.
  5116 | D:6      | Reached *** piety under Lugonu
  5140 | D:6      | Reached skill level 5 in Invocations
  5147 | D:6      | Found a shimmering altar of Xom.
  5150 | D:6      | Noticed Prince Ribbit
  5152 | D:6      | Found an ornate altar of the Wu Jian Council.
  5153 | D:6      | Found a hide-covered altar of Uskayaw.
  5157 | D:6      | Killed Prince Ribbit
  5158 | D:6      | Reached skill level 6 in Throwing
  5158 | D:6      | Reached XP level 9. HP: 47/47 MP: 13/13
  5361 | D:7      | Reached skill level 6 in Dodging
  5453 | D:7      | Found a staircase to the Ecumenical Temple.
  5726 | D:7      | Reached skill level 5 in Axes
  5737 | D:7      | Reached skill level 7 in Throwing
  5737 | D:7      | Reached skill level 6 in Invocations
  5841 | D:8      | Reached skill level 6 in Fighting
  5906 | D:8      | Found a hazy altar of Hepliaklqana.
  5921 | D:8      | Noticed a komodo dragon
  5940 | D:8      | Killed a komodo dragon
  5941 | D:8      | Reached skill level 7 in Dodging
  5981 | D:8      | Found a staircase to the Lair.
  6007 | D:8      | Reached XP level 10. HP: 53/53 MP: 15/15
  6057 | D:8      | Identified the +5 chain mail of Articulation {Harm}
  6208 | D:8      | Reached **** piety under Lugonu
  6357 | D:9      | Reached skill level 8 in Throwing
  6422 | D:9      | Found a radiant altar of Vehumet.
  6501 | D:9      | Found a basalt altar of Yredelemnul.
  6668 | D:9      | Reached skill level 6 in Axes
  6668 | D:9      | Reached skill level 7 in Invocations
  6669 | D:9      | Reached skill level 8 in Dodging
  6683 | D:9      | Reached skill level 7 in Fighting
  6739 | D:9      | Found a sacrificial altar of Ru.
  6782 | D:9      | Identified the +0 pair of boots of the Sky {Rampage Stlth+}
  7132 | D:10     | Entered Level 10 of the Dungeon
  7266 | D:10     | Noticed a two-headed ogre
  7280 | D:10     | Killed a two-headed ogre
  7281 | D:10     | Reached skill level 7 in Axes
  7281 | D:10     | Reached skill level 9 in Dodging
  7281 | D:10     | Reached skill level 8 in Invocations
  7281 | D:10     | Reached XP level 11. HP: 53/58 MP: 14/18
  7604 | D:10     | Reached skill level 1 in Stealth
  7776 | D:10     | Found a staircase to the Orcish Mines.
  7908 | D:10     | Reached skill level 2 in Stealth
  7917 | D:10     | Reached ***** piety under Lugonu
  7926 | D:10     | Reached skill level 8 in Fighting
  7926 | D:10     | Reached skill level 3 in Stealth
  7932 | D:10     | Noticed a skeletal warrior
  7934 | D:10     | Noticed a necromancer
  8067 | D:10     | Killed a skeletal warrior
  8068 | D:10     | Reached skill level 10 in Dodging
  8068 | D:10     | Reached skill level 4 in Stealth
  8117 | D:10     | Killed a necromancer
  8157 | D:10     | Reached skill level 5 in Stealth
  8157 | D:10     | Reached skill level 9 in Invocations
  8163 | D:10     | Reached XP level 12. HP: 46/65 MP: 19/19
  8243 | D:10     | Reached skill level 8 in Axes
  8563 | D:11     | Noticed Fannar
  8577 | D:11     | Killed Fannar
  8634 | D:11     | Noticed a two-headed ogre
  8650 | D:11     | Killed a two-headed ogre
  8651 | D:11     | Reached skill level 6 in Stealth
  8749 | D:11     | Reached skill level 9 in Fighting
  8749 | D:11     | Reached skill level 11 in Dodging
  8765 | D:11     | You pick up a book of Chaos and begin reading...
  8765 | D:11     | You add the spells Conjure Ball Lightning, Disjunction and
                  | Discord to your library.
  8863 | D:11     | Noticed Urug
  8879 | D:11     | Killed Urug
  8958 | D:11     | Reached skill level 1 in Shields
  8988 | D:11     | You pick up a book of Decay and begin reading...
  8988 | D:11     | You add the spells Dispel Undead and Death Channel to your
                  | library.
  9113 | D:11     | Reached skill level 7 in Stealth
  9361 | D:12     | Noticed a boulder beetle
  9371 | D:12     | Killed a boulder beetle
  9439 | D:12     | Noticed a two-headed ogre
  9451 | D:12     | Killed a two-headed ogre
  9452 | D:12     | Reached skill level 2 in Shields
  9466 | D:12     | HP: 5/66 [white ugly thing (26)]
  9546 | D:12     | Reached skill level 10 in Invocations
  9624 | D:12     | Reached skill level 9 in Axes
  9766 | D:12     | Reached skill level 8 in Stealth
  9766 | D:12     | Reached XP level 13. HP: 69/70 MP: 18/21
  9844 | D:12     | Reached skill level 3 in Shields
  9930 | D:12     | Learned a level 3 spell: Dazzling Flash
 10248 | D:13     | Noticed a vault guard
 10285 | D:13     | Noticed a vault guard
 10306 | D:13     | Noticed a vault guard
 10314 | D:13     | Reached skill level 1 in Hexes
 10314 | D:13     | Reached ****** piety under Lugonu
 10393 | D:13     | Reached skill level 10 in Fighting
 10407 | D:13     | Reached skill level 4 in Shields
 10491 | D:13     | Reached skill level 2 in Hexes
 10723 | D:13     | Reached skill level 9 in Throwing
 10822 | D:13     | Reached skill level 3 in Hexes
 11102 | D:13     | Found a portal to a secret trove of treasure.
 11219 | D:13     | This trove needs +3 fire dragon scales to function. Give it
                  | the item?
 11365 | D:13     | Noticed Sonja
 11370 | D:13     | Killed Sonja
 11371 | D:13     | Reached skill level 10 in Axes
 11406 | D:13     | Killed a vault guard
 11407 | D:13     | Reached skill level 5 in Shields
 11482 | D:13     | Reached skill level 4 in Hexes
 11570 | D:13     | Found a gate to the Vaults.
 11570 | D:13     | Noticed a vault guard
 11572 | D:13     | Noticed a vault guard
 11577 | D:13     | Reached XP level 14. HP: 38/77 MP: 10/22
 11664 | D:13     | Reached skill level 10 in Throwing
 12715 | D:14     | Reached skill level 5 in Hexes
 13066 | D:13     | Reached skill level 6 in Shields
 13209 | D:14     | You pick up a book of Unlife and begin reading...
 13209 | D:14     | You add the spells Animate Dead and Borgnjor's Vile Clutch
                  | to your library.
 13304 | D:14     | Reached skill level 11 in Fighting
 13387 | D:14     | You pick up a book of Necromancy and begin reading...
 13387 | D:14     | You add the spells Pain, Animate Skeleton and Vampiric
                  | Draining to your library.
 13924 | D:15     | Entered Level 15 of the Dungeon
 14121 | D:14     | Reached skill level 11 in Throwing
 14372 | D:15     | Found a staircase to the Depths.
 14372 | D:15     | Noticed a fire giant
 14587 | Orc:1    | Entered Level 1 of the Orcish Mines
 14685 | Orc:2    | Entered Level 2 of the Orcish Mines
 14719 | Orc:2    | Noticed an orc warlord
 14724 | Orc:2    | Reached skill level 6 in Hexes
 14863 | Orc:1    | Banished an orc warlord
 14961 | Orc:2    | Paralysed by an orc sorcerer for 5 turns
 15055 | Orc:2    | Reached skill level 11 in Axes
 15055 | Orc:2    | Reached XP level 15. HP: 63/81 MP: 23/23
 15285 | Orc:2    | Found a staircase to the Elven Halls.
 15309 | Orc:2    | Reached skill level 7 in Shields
 15348 | Orc:2    | Found Yraasec's Weapon Boutique.
 15392 | Orc:2    | Found Nallaq's Antique Armour Shop.
 15660 | Orc:2    | Found Ovymp's Antique Armour Boutique.
 15661 | Orc:2    | Found Faetoq's Antique Weapon Boutique.
 15663 | Orc:2    | Found Pynieno's General Store.
 15663 | Orc:2    | Found Ujapt's Book Shop.
 15777 | Orc:1    | Found Yjiax's Jewellery Shoppe.
 15911 | Orc:1    | Found Bimomp's General Store.
 15911 | Orc:1    | Found Dobouxag's Book Shoppe.
 16021 | Orc:1    | Found Soful's Assorted Antiques.
 16301 | Orc:2    | Bought the +2 hood of the Assassin {Detection Stab+
                  | Stlth++} for 1980 gold pieces
 16301 | Orc:2    | Found the +2 hood of the Assassin {Detection Stab+ Stlth++}
 16507 | Lair:1   | Entered Level 1 of the Lair of Beasts
 16543 | Lair:1   | You pick up a book of Vapours and begin reading...
 16877 | Lair:2   | Noticed Harold
 16921 | Lair:2   | Found a dark tunnel.
 16932 | Volcano  | Entered a volcano
 16989 | Volcano  | Noticed an orb of fire
 17005 | Volcano  | Noticed an orb of fire
 17023 | Volcano  | Reached skill level 12 in Throwing
 17099 | Volcano  | Reached skill level 7 in Hexes
 17267 | Lair:2   | Found a frozen archway.
 17277 | IceCv    | Entered an ice cave
 17402 | IceCv    | You pick up a book of Transfigurations and begin reading...
 17402 | IceCv    | You add the spells Irradiate, Blade Hands and Dragon Form
                  | to your library.
 17416 | IceCv    | You pick up a book of Debilitation and begin reading...
 17416 | IceCv    | You add the spells Slow and Confusing Touch to your
                  | library.
 17422 | IceCv    | Acquired a manual of Stealth
 17596 | IceCv    | Identified the +4 lajatang of Sotsu {pain, +Blink rPois
                  | MP-9 Int+3}
 17672 | Lair:2   | You add the spells Sting and Olgreb's Toxic Radiance to
                  | your library.
 17795 | Lair:2   | Found a staircase to the Snake Pit.
 18037 | Lair:2   | Reached skill level 12 in Dodging
 18244 | Lair:2   | Killed Harold
 18292 | Lair:2   | Reached skill level 9 in Stealth
 18320 | Lair:2   | Reached skill level 12 in Fighting
 18398 | Lair:2   | Reached skill level 8 in Shields
 18697 | Lair:3   | Noticed Rupert
 18713 | Lair:3   | Killed Rupert
 18714 | Lair:3   | Reached skill level 10 in Stealth
 18715 | Lair:3   | a +2 executioner's axe of distortion {rare}; a +0 scale
                  | mail
 19018 | Lair:3   | Found a staircase to the Swamp.
 19553 | Lair:4   | Reached XP level 16. HP: 88/88 MP: 24/24
 19785 | Lair:4   | Reached skill level 11 in Stealth
 19795 | Lair:4   | Identified the +2 robe of Ylinat {rF+ Archmagi}
 20199 | Lair:5   | Noticed Josephine
 20206 | Lair:5   | Killed Josephine
 20231 | Lair:5   | Reached skill level 12 in Axes
 20261 | Lair:5   | Found a staircase to the Slime Pits.
 20262 | Lair:5   | Found a viscous altar of Jiyva.
 20299 | Lair:5   | Identified the +0 pair of boots of the Onion {Slay+5}
 20670 | Lair:6   | Entered Level 6 of the Lair of Beasts
 20721 | Lair:6   | Found a gate leading to a gauntlet.
 20730 | Gauntlet | Entered a Gauntlet
 20730 | Gauntlet | Found a transporter.
 20730 | Gauntlet | Found a transporter.
 20730 | Gauntlet | Found a transporter.
 20740 | Gauntlet | Found a transporter.
 20743 | Gauntlet | Found a transporter.
 20751 | Gauntlet | Found a transporter.
 20754 | Gauntlet | Found a transporter.
 20763 | Gauntlet | Found the +2 ratskin cloak {*Rats rPois rN+ Str-1 Int-1
                  | Dex+1}
 20770 | Gauntlet | Found a transporter.
 20783 | Gauntlet | Found a transporter.
 20789 | Gauntlet | Found a transporter.
 20792 | Gauntlet | Found a transporter.
 20804 | Gauntlet | Found a transporter.
 20946 | Gauntlet | Corrupted Gauntlet
 21085 | Gauntlet | Identified the +6 halberd "Boolaz" {vorpal, rElec Dex+4}
 21094 | Gauntlet | Identified the ring "Zifablan" {+Blink rC+ Int+3 SInv}
 21182 | Gauntlet | Reached skill level 12 in Stealth
 21397 | Gauntlet | You pick up a book of the Senses and begin reading...
 21463 | Gauntlet | Identified a +9 broad axe of distortion (a +7 broad axe of
                  | electrocution corrupted by Lugonu)
 21463 | Gauntlet | Received a gift from Lugonu
 21641 | Lair:6   | You pick up a book of Touch and begin reading...
 21641 | Lair:6   | You add the spells Static Discharge and Sticky Flame to
                  | your library.
 21658 | Lair:6   | Reached skill level 9 in Shields
 21931 | Lair:6   | Reached skill level 13 in Stealth
 22035 | Lair:6   | Found a large runed translucent door.
 22036 | Lair:6   | Found a large runed translucent door.
 22195 | Lair:6   | Found a glowing golden altar of the Shining One.
 22595 | Lair:6   | You pick up a book of the Wilderness and begin reading...
 22595 | Lair:6   | You add the spells Summon Forest, Summon Mana Viper and
                  | Summon Cactus Giant to your library.
 23145 | D:15     | You pick up a book of Transfigurations and begin reading...
 23285 | D:15     | Found a sparkling altar of Nemelex Xobeh.
 23383 | D:15     | Reached skill level 14 in Stealth
 23389 | D:15     | Reached skill level 13 in Fighting
 23663 | Elf:1    | Entered Level 1 of the Elven Halls
 23681 | Elf:1    | Reached XP level 17. HP: 89/95 MP: 21/25
 23689 | Elf:1    | Found a radiant altar of Vehumet.
 23710 | Elf:1    | Reached skill level 13 in Dodging
 23797 | Elf:1    | Found Saysar's Magic Scroll Shoppe.
 23820 | Elf:1    | Found a flickering gateway to a bazaar.
 23831 | Bazaar   | Entered a bazaar
 23837 | Bazaar   | Found Luankuesm's Weapon Emporium.
 23853 | Bazaar   | Found Tiheqe's Antique Weapon Boutique.
 23859 | Bazaar   | Found Niporch's Weapon Shoppe.
 23867 | Bazaar   | Found Yheubel's Distillery.
 23875 | Bazaar   | Found Zufuz's Assorted Antiques.
 24109 | Elf:1    | Noticed Asterion
 24127 | Elf:1    | Killed Asterion
 24132 | Elf:1    | Noticed an Ice Fiend
 24150 | Elf:1    | Reached skill level 15 in Stealth
 24302 | Elf:1    | Found Ebeucrat's Magic Scroll Boutique.
 24311 | Elf:1    | Reached skill level 10 in Shields
 24325 | Elf:1    | Bought a scroll of acquirement for 624 gold pieces
 24325 | Elf:1    | Acquired 761 gold pieces
 24369 | Elf:1    | You add the spells Gell's Gravitas, Teleport Other and
                  | Dispersal to your library.
 24418 | Elf:1    | Paralysed by an air elemental for 1 turns
 24481 | Elf:1    | Bought a scroll of magic mapping for 45 gold pieces
 24504 | Elf:1    | Reached skill level 13 in Axes
 24616 | Elf:1    | You pick up a book of Callings and begin reading...
 24616 | Elf:1    | You add the spells Summon Small Mammal, Call Canine
                  | Familiar and Summon Guardian Golem to your library.
 25463 | Elf:2    | Reached skill level 16 in Stealth
 25486 | Elf:2    | Found a runed translucent gate.
 25517 | Elf:2    | Found a runed translucent gate.
 25517 | Elf:2    | Found a runed translucent gate.
 25690 | Elf:2    | Noticed Jorgrun
 25718 | Elf:2    | HP: 20/96 [constriction (6)]
 25836 | Elf:2    | HP: 24/96 [+2 war axe of freezing (3)]
 25970 | Elf:2    | Killed Jorgrun
 25971 | Elf:2    | Reached XP level 18. HP: 67/101 MP: 17/26
 26146 | Elf:2    | Noticed Agnes
 26169 | Elf:2    | Killed Agnes
 26170 | Elf:2    | Reached skill level 1 in Spellcasting
 26478 | Elf:3    | Entered Level 3 of the Elven Halls
 26503 | Elf:3    | Found Wasurph's General Store.
 26507 | Elf:3    | Found Tiwoerec's Distillery.
 26605 | Elf:3    | Reached skill level 2 in Spellcasting
 26609 | Elf:3    | Reached skill level 14 in Fighting
 26612 | Elf:3    | Reached skill level 11 in Shields
 26651 | Elf:3    | Found a huge runed gate.
 26652 | Elf:3    | Found a huge runed gate.
 26652 | Elf:3    | Found a huge runed gate.
 26652 | Elf:3    | Found a huge runed gate.
 26653 | Elf:3    | Found a huge runed gate.
 26653 | Elf:3    | Found a huge runed gate.
 26653 | Elf:3    | Found a huge runed gate.
 26653 | Elf:3    | Found a huge runed gate.
 26654 | Elf:3    | Found a huge runed gate.
 26654 | Elf:3    | Found a huge runed gate.
 26655 | Elf:3    | Found a huge runed gate.
 26656 | Elf:3    | Found a huge runed gate.
 26657 | Elf:3    | Found a huge runed gate.
 26658 | Elf:3    | Found a huge runed gate.
 26666 | Elf:3    | Found a huge runed gate.
 26714 | Elf:3    | Noticed a Tzitzimitl
 26721 | Elf:3    | Noticed a deep elf blademaster
 26749 | Elf:3    | Acquired 345 gold pieces
 27082 | Elf:3    | Killed a deep elf blademaster
 27135 | Elf:3    | a +0 quick blade {rare}; a +0 quick blade {rare}; a +0
                  | leather armour
 27156 | Elf:3    | a +0 quick blade {rare}; a +0 quick blade {rare}; a +0
                  | leather armour
 27205 | Elf:3    | Reached skill level 3 in Spellcasting
 27227 | Elf:3    | Noticed a deep elf master archer
 27237 | Elf:3    | Noticed a deep elf blademaster
 27298 | Elf:3    | Killed a deep elf blademaster
 27459 | Elf:3    | Noticed a deep elf master archer
 27462 | Elf:3    | Killed a deep elf master archer
 27469 | Elf:3    | Killed a deep elf master archer
 27470 | Elf:3    | Reached skill level 14 in Dodging
 27529 | Elf:3    | Paralysed by an air elemental for 1 turns
 27832 | Elf:3    | Identified the +4 halberd of the Reaper {freeze, Dex+2}
 27862 | Elf:3    | Noticed an Ice Fiend
 27871 | Elf:3    | Noticed a deep elf blademaster
 27883 | Elf:3    | Killed a deep elf blademaster
 27916 | Elf:3    | Identified the +6 bardiche of Exquisite Death {vorpal,
                  | rElec rPois}
 27916 | Elf:3    | Identified the ring of Orthodoxy {AC+4 Dex+3}
 27982 | Elf:3    | Reached skill level 14 in Axes
 28099 | Elf:3    | You add the spells Conjure Flame and Ignite Poison to your
                  | library.
 28152 | Elf:3    | Identified the +7 battleaxe of the Witching Lamprey
                  | {vorpal, rElec rCorr Str-4 Dex+5}
 28152 | Elf:3    | Identified the +9 plate armour "Dusiesar" {-Tele +Inv rF+++
                  | Str-3}
 28156 | Elf:3    | Noticed a deep elf blademaster
 28163 | Elf:3    | Killed a deep elf blademaster
 28164 | Elf:3    | Reached skill level 4 in Spellcasting
 28165 | Elf:3    | You pick up a book of Minor Magic and begin reading...
 28165 | Elf:3    | You add the spells Magic Dart, Call Imp and Mephitic Cloud
                  | to your library.
 28217 | Elf:3    | You pick up a book of the Wilderness and begin reading...
 28222 | Elf:3    | Identified the +2 shortbow "Vine Stalker's Curse" {flame,
                  | Fly rPois Int+5}
 28265 | Elf:3    | HP: 5/102 [deep elf knight/shard of ice[a deep elf high
                  | priest] (38)]
 28496 | Elf:3    | Identified the +1 chain mail "Ceot" {rPois rN+ Int+3
                  | Stlth+}
 28498 | Elf:3    | You add the spells Malign Gateway and Summon Horrible
                  | Things to your library.
 28566 | Elf:3    | Noticed a hellephant
 28616 | Elf:3    | Noticed a hellephant
 28667 | Elf:3    | Killed a hellephant
 28714 | Elf:3    | Killed a hellephant
 28715 | Elf:3    | Reached skill level 11 in Invocations
 28904 | Elf:3    | You pick up a book of Misfortune and begin reading...
 29102 | Lair:1   | magus.rc [v1.9.10]
 29137 | Swamp:1  | Entered Level 1 of the Swamp
 29218 | Swamp:1  | Reached XP level 19. HP: 92/107 MP: 24/28
 29307 | Swamp:1  | Reached skill level 5 in Spellcasting
 29826 | Swamp:2  | Noticed Louise
 29855 | Swamp:2  | Killed Louise
 30745 | Swamp:3  | Reached skill level 12 in Shields
 31014 | Swamp:4  | Entered Level 4 of the Swamp
 31053 | Swamp:4  | HP: 19/107 [constriction (10)]
 31057 | Swamp:4  | HP: 7/107 [constriction (6)]
 31081 | Swamp:4  | HP: 25/103 [ghost crab (3)]
 31123 | Swamp:4  | Reached skill level 6 in Spellcasting
 31892 | Swamp:4  | Noticed the 27-headed Lernaean hydra
 32027 | Swamp:4  | Reached skill level 15 in Fighting
 32218 | Swamp:4  | Killed the 27-headed Lernaean hydra
 32219 | Swamp:4  | Reached skill level 12 in Invocations
 32376 | Swamp:4  | Got a decaying rune of Zot
 32587 | Lair:3   | magus.rc [v1.9.10]
 32629 | Snake:1  | Entered Level 1 of the Snake Pit
 33195 | Snake:2  | Reached XP level 20. HP: 99/113 MP: 30/30
 33677 | Snake:2  | Reached skill level 15 in Axes
 33754 | Snake:2  | Reached skill level 15 in Dodging
 33772 | Snake:2  | You add the spells Searing Ray, Hailstorm, Lightning Bolt
                  | and Starburst to your library.
 33772 | Snake:2  | Got the Volume of Excruciating Intoxication
 33988 | Snake:3  | Identified the +3 hand axe of Honour {vamp, rCorr}
 34406 | Snake:3  | Found a runed translucent door.
 34407 | Snake:3  | Found a shimmering altar of Xom.
 34407 | Snake:3  | Noticed pokeman's ghost (adept DEWz)
 34464 | Snake:3  | Identified the +9 hunting sling of Proximity {speed, rPois
                  | rF+ Str+2}
 34915 | Snake:3  | Killed pokeman's ghost
 34983 | Snake:4  | Entered Level 4 of the Snake Pit
 35053 | Snake:4  | Found an ornate altar of the Wu Jian Council.
 35266 | Snake:4  | Noticed Aizul
 35525 | Snake:3  | Killed Aizul
 35681 | Snake:4  | Reached skill level 13 in Shields
 36157 | Snake:4  | Reached skill level 13 in Invocations
 36306 | Snake:4  | Got a serpentine rune of Zot
 36600 | Vaults:1 | Entered Level 1 of the Vaults
 37228 | Vaults:1 | Reached XP level 21. HP: 119/119 MP: 30/32
 37756 | Vaults:1 | Found a gateway to a bazaar.
 37765 | Bazaar   | Entered a bazaar
 37765 | Bazaar   | Found Vuhih's Antique Weapon Shop.
 37767 | Bazaar   | Found Hocveorch's Distillery.
 37782 | Bazaar   | Found Boquvurgh's Antique Armour Shop.
 37793 | Bazaar   | Found Igioc's Assorted Antiques.
 37801 | Bazaar   | Found Yttenuer's Book Boutique.
 37809 | Bazaar   | Bought a book of the Earth for 216 gold pieces
 37809 | Bazaar   | You pick up a book of the Earth and begin reading...
 37809 | Bazaar   | You add the spells Leda's Liquefaction and Statue Form to
                  | your library.
 37826 | Bazaar   | Bought fire dragon scales for 1680 gold pieces
 37839 | Bazaar   | Bought a potion of lignification for 45 gold pieces
 37839 | Bazaar   | Bought a potion of lignification for 45 gold pieces
 38056 | D:13     | This trove needs +3 fire dragon scales to function. Give it
                  | the item?
 38056 | D:13     | You paid a toll of +3 fire dragon scales to enter a
                  | treasure trove
 38057 | Trove    | Entered a treasure trove
 38077 | Trove    | You add the spells Flame Wave, Fireball, Alistair's
                  | Intoxication, Storm Form and Chain Lightning to your
                  | library.
 38077 | Trove    | Got Sif Muna's Tome of Conjuration and Transformation
 38083 | Trove    | You add the spells Foxfire, Iron Shot, Orb of Destruction
                  | and Spellforged Servitor to your library.
 38083 | Trove    | Got Sif Muna's Handbook of Confrontation
 38093 | Trove    | Got the Handbook of Burning Weightlessness
 38097 | Trove    | You pick up a book of Changes and begin reading...
 38097 | Trove    | You add the spells Beastly Appendage, Wereblood and Spider
                  | Form to your library.
 38114 | Trove    | You pick up a book of Spatial Translocations and begin
                  | reading...
 38114 | Trove    | You add the spells Blink, Lesser Beckoning and Manifold
                  | Assault to your library.
 38329 | Vaults:2 | Found Goleiliz's Antique Armour Emporium.
 38380 | Vaults:2 | Found a crumbling gateway.
 38389 | Desolati | Entered the Desolation of Salt
 38402 | Desolati | Reached skill level 1 in Translocations
 38442 | Desolati | Reached skill level 16 in Fighting
 38451 | Desolati | HP: 18/115 [ragged hierophant/a resonance strike[a halazid
                  | warlock] (22)]
 38452 | Desolati | HP: 1/115 [ragged hierophant/a resonance strike (18)]
 38452 | Desolati | Slain by a servant of whispers

Vanquished Creatures
  2 hellephants (Elf:3)
  Jorgrun (Elf:2)
  Rupert (Lair:3)
  4 deep elf blademasters (Elf:3)
  2 deep elf master archers (Elf:3)
  Asterion (Elf:1)
  The ghost of pokeman the Sorcerer, an adept DEWz of Vehumet (Snake:3)
  Agnes (Elf:2)
  2 deep elf sorcerers (Elf:3)
  2 nagarajas (Snake:4)
  A fire giant (D:15)
  A vault warden (Vaults:1)
  Louise (Swamp:2)
  Aizul (Snake:3)
  A frost giant (Vaults:1)
  3 deep elf elementalists (Elf:3)
  6 very ugly things (Elf:3)
  An ironbound preserver (Vaults:1)
  6 deep elf demonologists
  5 bunyips
  A spark wasp (shapeshifter) (Elf:3)
  3 deep elf annihilators (Elf:3)
  An entropy weaver (shapeshifter) (Elf:3)
  A minotaur (Gauntlet)
  An ettin (shapeshifter) (Elf:3)
  Josephine (Lair:5)
  2 deep elf death magi (Elf:3)
  2 fire dragons
  Fannar (D:11)
  4 eleionomae
  2 shambling mangroves (Swamp:4)
  3 deep elf high priests (Elf:3)
  A salamander tyrant (Snake:2)
  Harold (Lair:2)
  7 hydras
  An ironbound thunderhulk (Vaults:1)
  6 boulder beetles
  13 naga warriors
  2 peacekeepers (Desolation)
  7 vault guards
  3 ghost crabs
  2 ironbound frosthearts (Vaults:1)
  A servant of whispers (Desolation)
  2 catoblepae
  11 centaur warriors
  An ogre mage (D:13)
  2 death knights
  6 two-headed ogres
  7 death yaks (Lair:2)
  10 anacondas
  8 alligators
  3 tengu warriors (D:13)
  36 dancing weapons
  Urug (D:11)
  4 orc high priests
  19 deep elf knights
  2 shock serpents
  13 naga sharpshooters
  A hell knight (Volcano)
  Sonja (D:13)
  3 salamander mystics
  5 skeletal warriors
  5 sea snakes (Snake:4)
  4 spriggan druids
  5 deep trolls (Vaults:1)
  6 goliath frogs
  13 swamp dragons
  3 bog bodies
  12 deep elf archers
  6 orc knights
  A phantasmal warrior (D:15)
  2 ironbound convokers (Vaults:1)
  5 naga ritualists
  2 wizards
  2 lindwurms (Lair:6)
  6 mana vipers
  30 deep elf zephyrmancers
  2 necromancers
  A worldbinder (Gauntlet)
  8 orc sorcerers
  A wolf spider (shapeshifter) (Elf:3)
  A tengu skeleton (Vaults:1)
  2 manticores
  25 deep elf pyromancers
  An oklob plant (Gauntlet)
  3 will-o-the-wisps
  A moth of wrath (Gauntlet)
  14 salamanders
  14 cyclopes
  13 ugly things
  A stone giant skeleton (Vaults:1)
  7 guardian serpents
  16 elephants
  28 black mambas
  An apocalypse crab (Elf:3)
  A black mamba (shapeshifter) (D:15)
  2 vault sentinels (Vaults:1)
  2 torpor snails
  10 naga magi
  9 cane toads
  3 ice statues (IceCv)
  A torpor snail (shapeshifter) (Elf:3)
  3 unseen horrors (D:12)
  5 gargoyles
  A cane toad (shapeshifter) (Elf:3)
  5 molten gargoyles
  12 komodo dragons
  2 efreet
  A yaktaur (D:13)
  2 anaconda simulacra (IceCv)
  A rime drake (Lair:6)
  2 freezing wraiths (D:15)
  A kobold demonologist (D:13)
  A guardian mummy (D:13)
  2 tengu conjurers
  3 meliai (D:14)
  4 trolls
  3 polar bears
  12 hornets
  A bloated husk (Swamp:2)
  Prince Ribbit (D:6)
  7 tyrant leeches
  19 slime creatures
  12 saltlings
  A polar bear (shapeshifter) (Elf:1)
  A blink frog (shapeshifter) (Elf:2)
  A dream sheep (shapeshifter) (D:15)
  8 blink frogs
  A meliai zombie (D:10)
  9 dream sheep (Lair:5)
  3 air elementals
  3 flying skulls (D:10)
  6 shadows
  9 wraiths
  A vampire (D:11)
  12 spriggans
  5 water elementals
  64 yaks
  6 wyverns
  2 basilisks
  2 death yak simulacra (IceCv)
  3 fire elementals (Elf:1)
  18 swamp worms
  5 steam dragons
  15 vampire mosquitoes
  Menkaure (D:5)
  Edmund (D:5)
  2 wargs (Orc:2)
  5 hell hounds
  33 nagas
  7 acid dragons
  16 water moccasins
  8 swamp drakes
  2 black bears
  26 orc warriors
  An ice beast (D:8)
  4 sky beasts
  2 boggarts (Gauntlet)
  2 necrophages
  6 ogres
  3 centaurs
  17 wolves
  A kobold brigand (D:8)
  A phantom (D:6)
  Blork the orc (D:5)
  A human zombie (Vaults:1)
  A gnoll sergeant (D:9)
  10 bullfrogs
  2 cane toad simulacra (IceCv)
  An earth elemental (Elf:1)
  A human skeleton (Vaults:1)
  A water moccasin skeleton (D:6)
  An elephant simulacrum (IceCv)
  6 killer bees (D:9)
  4 wights (D:10)
  An electric eel (Lair:4)
  6 howler monkeys
  2 bullfrog zombies
  2 jellies
  5 lava snakes (Lair:6)
  4 hounds
  Crazy Yiuf (D:2)
  5 centaur skeletons
  11 centaur zombies
  17 orc priests
  2 gnoll shamans
  3 iguanas
  29 orc wizards
  7 hell rats (Lair:5)
  A wolf simulacrum (IceCv)
  A killer bee zombie (D:7)
  Robin (D:4)
  13 gnolls
  4 adders
  3 howler monkey skeletons
  A shadow imp (D:8)
  2 white imps
  2 worms
  2 dart slugs
  72 orcs
  5 bats
  13 endoplasms
  3 giant cockroaches
  13 goblins
  8 hobgoblins
  4 jackals (D:2)
  3 quokkas
  4 ball pythons
  5 frilled lizards
  8 kobolds
  4 rats
1222 creatures vanquished.

Vanquished Creatures (collateral kills)
  A dancing weapon (Elf:1)
  A deep elf zephyrmancer (Elf:2)
  A molten gargoyle (Lair:6)
  A komodo dragon (Lair:6)
  A flying skull (D:10)
  A hell hound (Lair:6)
  A centaur zombie (D:10)
7 creatures vanquished.

Vanquished Creatures (others)
  the Lernaean hydra (Swamp:4)
  A nagaraja (Snake:4)
  A servant of whispers (Desolation)
  A glowing orange brain (Gauntlet)
  A wizard (Gauntlet)
  2 ugly things (Gauntlet)
  3 bloated husks
  A saltling (Desolation)
  An orc priest (Orc:2)
  2 shadow imps (Gauntlet)
  2 white imps (Gauntlet)
  An orc (Orc:2)
  3 bushes (Lair:2)
  14 demonic plants (Gauntlet)
  17 foxfires
  27 fungi
  34 plants
112 creatures vanquished.

Grand Total: 1341 creatures vanquished

Table legend:
 A = Non-vault XP
 B = Vault XP
 C = Vault XP percentage of total XP
 D = Non-vault monster count
 E = Vault monster count
 F = Vault count percentage of total count
                 A         B        C        D         E       F
            +---------+---------+-------+---------+---------+-------
      Total |  287255 |  222705 |  43.7 |     815 |     463 |  36.2
            +---------+---------+-------+---------+---------+-------
        D:1 |      30 |      10 |  25.0 |      20 |       5 |  20.0
        D:2 |      44 |      42 |  48.8 |      16 |       1 |   5.9
        D:3 |      11 |       2 |  15.4 |       7 |       2 |  22.2
        D:4 |     383 |      41 |   9.7 |      14 |      14 |  50.0
        D:5 |     638 |     439 |  40.8 |      18 |       3 |  14.3
        D:6 |     679 |     277 |  29.0 |      14 |       1 |   6.7
        D:7 |    1155 |       0 |   0.0 |      20 |       0 |   0.0
        D:8 |     865 |     383 |  30.7 |      22 |       1 |   4.3
        D:9 |    2821 |     845 |  23.0 |      24 |       6 |  20.0
       D:10 |    2862 |    8377 |  74.5 |      20 |      48 |  70.6
       D:11 |    5703 |    1693 |  22.9 |      25 |       2 |   7.4
       D:12 |    6179 |    1179 |  16.0 |      15 |       6 |  28.6
       D:13 |   12450 |   14396 |  53.6 |      26 |      25 |  49.0
       D:14 |   15240 |       0 |   0.0 |      33 |       0 |   0.0
       D:15 |    9768 |    1286 |  11.6 |      15 |       1 |   6.2
     Lair:1 |    1133 |       0 |   0.0 |       5 |       0 |   0.0
     Lair:2 |   12422 |    1188 |   8.7 |      25 |       3 |  10.7
     Lair:3 |    3284 |    2931 |  47.2 |      13 |       7 |  35.0
     Lair:4 |    7703 |       0 |   0.0 |      29 |       0 |   0.0
     Lair:5 |    7945 |    1979 |  19.9 |      32 |       6 |  15.8
     Lair:6 |   11872 |    8371 |  41.4 |      42 |      27 |  39.1
    Swamp:1 |   16296 |    1042 |   6.0 |      37 |       5 |  11.9
    Swamp:2 |    8577 |    1213 |  12.4 |      18 |       1 |   5.3
    Swamp:3 |   13742 |    1635 |  10.6 |      24 |       3 |  11.1
    Swamp:4 |   12437 |   14431 |  53.7 |      25 |      21 |  45.7
    Snake:1 |   12273 |       0 |   0.0 |      26 |       0 |   0.0
    Snake:2 |   25433 |       0 |   0.0 |      50 |       0 |   0.0
    Snake:3 |   13273 |    3588 |  21.3 |      25 |       3 |  10.7
    Snake:4 |   11151 |   23316 |  67.6 |      22 |      35 |  61.4
      Orc:1 |    5027 |    4407 |  46.7 |      28 |      10 |  26.3
      Orc:2 |    1890 |    6208 |  76.7 |      16 |      49 |  75.4
      Elf:1 |   23497 |    5513 |  19.0 |      42 |       8 |  16.0
      Elf:2 |   16183 |   31037 |  65.7 |      28 |      38 |  57.6
      Elf:3 |   13725 |   43682 |  76.1 |      20 |      39 |  66.1
   Vaults:1 |   10564 |   18354 |  63.5 |      19 |      23 |  54.8
   Vaults:2 |       0 |    1266 | 100.0 |       0 |       4 | 100.0
      IceCv |       0 |    3673 | 100.0 |       0 |      13 | 100.0
    Volcano |       0 |    6619 | 100.0 |       0 |      12 | 100.0
 Desolation |       0 |    7032 | 100.0 |       0 |      18 | 100.0
   Gauntlet |       0 |    6250 | 100.0 |       0 |      23 | 100.0
            +---------+---------+-------+---------+---------+-------

Illustrated notes

Table legend:
 A = Kills in this place as a percentage of kills in entire the game.
 B = Kills by you in this place as a percentage of kills by you in the entire game.
 C = Kills by friends in this place as a percentage of kills by friends in the entire game.
 D = Other kills in this place as a percentage of other kills in the entire game.
 E = Experience gained in this place as a percentage of experience gained in the entire game.
 F = Experience gained in this place divided by the number of levels of this place that you have seen.
                   A       B       C       D       E      F
               +-------+-------+-------+-------+-------+----------------------
         Total | 100.0 | 100.0 | 100.0 | 100.0 | 100.0 | 11332.4
       Dungeon |  31.6 |  32.6 |  28.6 |   8.2 |  17.2 | 5853.2
          Lair |  14.8 |  15.2 |  42.9 |   0.0 |  11.5 | 9804.7
         Swamp |  10.5 |   9.7 |   0.0 |  30.6 |  13.6 | 17343.2
     Snake Pit |  12.6 |  11.9 |   0.0 |  32.7 |  17.5 | 22258.5
  Orcish Mines |   8.1 |   8.3 |   0.0 |   2.0 |   3.4 | 8766.0
   Elven Halls |  13.7 |  14.2 |  28.6 |   0.0 |  26.2 | 44545.7
        Vaults |   3.6 |   3.1 |   0.0 |  16.3 |   5.9 | 15092.0
      Ice Cave |   1.0 |   1.1 |   0.0 |   0.0 |   0.7 | 3673.0
       Volcano |   0.9 |   1.0 |   0.0 |   0.0 |   1.3 | 6619.0
    Desolation |   1.4 |   1.1 |   0.0 |   8.2 |   1.4 | 7032.0
      Gauntlet |   1.8 |   1.8 |   0.0 |   2.0 |   1.2 | 6250.0
               +-------+-------+-------+-------+-------+----------------------

Table legend: (Time is in decaauts)
 A = Elapsed time spent in this place.
 B = Non-inter-level travel time spent in this place.
 C = Inter-level travel time spent in this place.
 D = Time resting spent in this place.
 E = Time spent auto-exploring this place.
 F = Levels seen in this place.
 G = Mean time per level.
                   A        B        C        D        E       F      G
               +--------+--------+--------+--------+--------+-----+--------+
         Total |  38666 |  35733 |   2933 |   2108 |  23146 |  45 |  859.2 |
       Dungeon |  15895 |  14535 |   1360 |    563 |  10571 |  15 | 1059.7 |
          Lair |   5019 |   4552 |    467 |     30 |   3436 |   6 |  836.5 |
         Swamp |   3670 |   3500 |    170 |    323 |   1932 |   4 |  917.5 |
     Snake Pit |   3765 |   3529 |    236 |    639 |   1737 |   4 |  941.2 |
  Orcish Mines |   1909 |   1620 |    289 |    204 |    927 |   2 |  954.5 |
   Elven Halls |   5155 |   4985 |    170 |    181 |   3047 |   3 | 1718.3 |
        Vaults |   1424 |   1185 |    239 |      0 |    946 |   2 |  712.0 |
         Abyss |    121 |    121 |      0 |      0 |     16 |   2 |   60.5 |
        Bazaar |    191 |    191 |      0 |      0 |     84 |   2 |   95.5 |
         Trove |     78 |     78 |      0 |      0 |      0 |   1 |   78.0 |
      Ice Cave |    331 |    331 |      0 |    131 |     54 |   1 |  331.0 |
       Volcano |    315 |    315 |      0 |      0 |    164 |   1 |  315.0 |
    Desolation |     58 |     58 |      0 |      4 |      2 |   1 |   58.0 |
      Gauntlet |    730 |    730 |      0 |     31 |    228 |   1 |  730.0 |
               +--------+--------+--------+--------+--------+-----+--------+

Top non-repeatable levels by time:
    D:13: 2599 daAuts
   Elf:3: 2427 daAuts
    D:14: 1693 daAuts
 Swamp:4: 1457 daAuts
    D:10: 1449 daAuts
   Elf:2: 1437 daAuts
Vaults:1: 1386 daAuts
   Elf:1: 1289 daAuts
  Lair:6: 1258 daAuts
 Snake:3: 1248 daAuts
  Lair:2: 1193 daAuts
     D:4: 1114 daAuts
     D:1: 1071 daAuts
     D:2: 1022 daAuts
 Snake:4: 996 daAuts
